 Dungeon Sprint DCSS version 0.21.1-1-g345015f (webtiles) character file.

42990 wojtek the Executioner (level 13, -3/201 HPs)
             Began as a Minotaur Berserker on Feb 18, 2018.
             Was the Champion of Trog.
             Slain by Polyphemus (18 damage)
             ... in the Dungeon (Sprint III: "The Ten Rune Challenge").
             The game lasted 00:11:16 (4503 turns).

wojtek the Executioner (Minotaur Berserker)         Turns: 4503, Time: 00:11:17

Health: -3/201     AC: 21    Str: 32    XL:     13   Next: 18%
Magic:  12/12      EV: 14    Int:  4    God:    Trog [******]
Gold:   4204       SH:  0    Dex:  7    Spells: 12/12 levels left

rFire    . . .     SeeInvis .   v - +8 executioner's axe "Kebaerheute" {holy, rPois rC+ MR+ Dex-3}
rCold    + . .     Gourm    .   (shield currently unavailable)
rNeg     + . .     Faith    .   u - +0 plate armour
rPois    +         Spirit   .   z - +1 hat
rElec    .         Reflect  .   I - scarf {repulsion}
rCorr    .         Harm     .   (no gloves)
MR       ++++.     Clarity  +   H - +0 pair of boots {run} Stlth ..........NoTele +
                                J - amulet of the Four Winds {rN+ MR+++ Clar}
HPRegen  0.43/turn              (no ring)
MPRegen  0.13/turn              (no ring)

@: berserking, repel missiles, very quick
A: retaliatory headbutt, horns 2
}: 1/10 runes: serpentine
a: Berserk, Trog's Hand, Brothers in Arms, Burn Spellbooks, Renounce Religion


You were in the Dungeon.
You worshipped Trog.
Trog was exalted by your worship.
You were hungry.

You visited 1 branch You collected 5328 gold pieces.
You spent 1124 gold pieces at shops.

Inventory:

Hand Weapons
 a - a +1 broad axe of chopping
 b - a +3 battleaxe of venom
 t - a +2 broad axe of flaming
 v - the +8 executioner's axe "Kebaerheute" (weapon) {holy, rPois rC+ MR+ Dex-3}
   (Trog gifted it to you in the Dungeon)

   It has been blessed by the Shining One to cause great damage to the undead
   and demons.
   It affects your dexterity (-3).
   It protects you from cold.
   It protects you from poison.
   It affects your resistance to hostile enchantments.
 w - a +2 antimagic battleaxe
 x - a +1 antimagic broad axe
 y - a +3 antimagic broad axe
 E - a +3 executioner's axe of chopping
 F - a +5 battleaxe of electrocution
 K - a +0 blowgun
 M - a +3 antimagic battleaxe
Missiles
 j - 2 throwing nets (quivered)
 L - 5 needles of sleeping
 N - 4 needles of frenzy
 O - 5 needles of paralysis
Armour
 u - a +0 plate armour (worn)
 z - a +1 hat (worn)
 D - a +0 large shield
 G - a +0 cloak of poison resistance
 H - a +0 pair of boots of running (worn)
 I - a scarf of repulsion (worn)
Jewellery
 J - the amulet of the Four Winds (around neck) {rN+ MR+++ Clar}
   (You bought it in a shop in the Dungeon)

   [amulet of nothing]

   It protects you from negative energy.
   It affects your resistance to hostile enchantments.
   It protects you against confusion.
Wands
 r - a wand of disintegration (15)
Scrolls
 i - a scroll of blinking
 k - a scroll of immolation {unknown}
 l - 2 scrolls of identify {unknown}
 m - 3 scrolls of remove curse
 o - a scroll of holy word {unknown}
Potions
 d - 2 potions of curing
 e - 3 potions of heal wounds
 f - 2 potions of haste
 g - 2 potions of magic
 h - a potion of berserk rage
 n - 2 potions of resistance {unknown}
 p - 2 potions of flight
 q - 4 potions of mutation
 A - a potion of agility {unknown}
 B - a potion of degeneration {unknown}
 C - a potion of might
Miscellaneous
 s - a phial of floods
Comestibles
 c - 15 rations


   Skills:
 + Level 18.3 Fighting
 * Level 24.0 Axes
 + Level 18.1 Armour
 + Level 16.8 Dodging


You had 12 spell levels left.
You didn't know any spells.

Dungeon Overview and Level Annotations

Branches:
Dungeon (1/1)

Altars:
Cheibriados
Dithmenos
Elyvilon
Fedhas
Gozag
Hepliaklqana
Kikubaaqudgha
Makhleb
Nemelex Xobeh
Okawaru
Qazlal
Ru
Sif Muna
Trog
Uskayaw
Vehumet
Wu Jian
Xom
Yredelemnul
Zin
The Shining One
Beogh
Jiyva
Lugonu

Shops:
D =%[:

Annotations:
D Polyphemus


Innate Abilities, Weirdness & Mutations

You reflexively headbutt those who attack you in melee.
You have a pair of horns on your head.


Message History

Polyphemus is lightly wounded.
You slash Polyphemus! You headbutt Polyphemus!
Polyphemus is moderately wounded.
Polyphemus hits you. Polyphemus hits you!
* * * LOW HITPOINT WARNING * * *
You slice Polyphemus!! You headbutt Polyphemus!
Polyphemus is heavily wounded.
Your plate armour prevents you from hitting Polyphemus.
Your headbutt misses Polyphemus.
Polyphemus is heavily wounded.
Polyphemus barely misses you. Polyphemus hits you!
* * * LOW HITPOINT WARNING * * *
You slice Polyphemus!! You headbutt Polyphemus!
Polyphemus is almost dead.
You slash Polyphemus!
Polyphemus is almost dead.
Polyphemus hits you!!
* * * LOW HITPOINT WARNING * * *
Polyphemus hits you!!
You die...

♣♣♣♣♣♣♣#..♣♣ ♣♣♣##+## ♣
###'♣♣♣♣♣♣♣♣♣♣♣♣♣♣♣ ##♣
♣♣♣♣.##..##≈≈≈≈≈≈..#
.)♣♣
♣...##.##.#≈÷≈≈≈...#
##'♣
♣♣.##†##.##(≈≈≈≈§####+#
...♣
♣..#.##.)†#≈≈...§§§§.#
####♣♣
♣♣.##.##..#≈..'#######
...P.♣
♣♣.##.#####†..#))....#
.....♣
♣.....##.@....#♣♣♣._.#
#'#############C######
#####
#...........##▓Y≈≈≈≈≈≈≈
#............#▓≈≈≈≈≈≈≈≈
###########).#▓≈≈≈YC≈≈≈
##...........#▓≈≈.Y.Y≈≈
#...........##▓≈≈≈..≈≈≈
#..########## ▓≈≈≈≈≈≈≈≈
#÷..........##▓≈≈≈≈≈≈≈≈


You could see Polyphemus and a dream sheep.

Vanquished Creatures
  Rupert (D)
  Gastronok (D)
  A nagaraja (D)
  2 dire elephants (D)
  Erolcha (D)
  A naga warrior (D)
  2 hydras (D)
  6 anacondas (D)
  4 death yaks (D)
  Urug (D)
  A spriggan druid (D)
  A lindwurm (D)
  A deep elf mage (D)
  2 elephants (D)
  A guardian serpent (D)
  6 black mambas (D)
  2 spiny frogs (D)
  A komodo dragon (D)
  A rime drake (D)
  A queen bee (D)
  2 tyrant leeches (D)
  8 blink frogs (D)
  3 wandering mushrooms (D)
  A shadow (D)
  5 redbacks (D)
  2 spriggans (D)
  A spatial vortex (D)
  2 nagas (D)
  5 water moccasins (D)
  A swamp drake (D)
  A necrophage (D)
  5 two-headed ogres (D)
  A water elemental (D)
  32 killer bees (D)
  An electric eel (D)
  2 orc priests (D)
  A jelly (D)
  A wizard (D)
  A necromancer (D)
  3 humans (D)
  A kobold demonologist (D)
  A wolf (D)
  2 adders (D)
  An ooze (D)
  An orc (D)
  3 rats (D)
124 creatures vanquished.

Vanquished Creatures (collateral kills)
  An orc high priest (D)
  A death drake (D)
  An orc sorcerer (D)
  2 orc warriors (D)
  2 orc priests (D)
  2 orc wizards (D)
  7 orcs (D)
16 creatures vanquished.

Vanquished Creatures (others)
  2 draconian scorchers (D)
  3 yaktaurs (D)
  6 hellions (D)
  8 plants (D)
19 creatures vanquished.

Grand Total: 159 creatures vanquished

Notes
Turn   | Place    | Note
-------+----------+-------------------------------------------
     0 | D        | wojtek the Minotaur Berserker began the quest for the Orb.
     0 | D        | Reached XP level 1. HP: 19/19 MP: 0/0
    12 | D        | Reached skill level 4 in Axes
    25 | D        | Reached ** piety under Trog
    68 | D        | Noticed a wolf
    70 | D        | Killed a wolf
    70 | D        | Reached skill level 5 in Axes
    70 | D        | Reached XP level 2. HP: 28/28 MP: 1/1
    73 | D        | Reached skill level 5 in Fighting
    73 | D        | Reached skill level 6 in Axes
    73 | D        | Reached XP level 3. HP: 36/36 MP: 2/2
    75 | D        | Killed a yaktaur
    86 | D        | Killed a hellion
    87 | D        | Killed a hellion
    92 | D        | Killed a hellion
    94 | D        | Killed a hellion
    94 | D        | Killed a hellion
   153 | D        | Noticed a water elemental
   158 | D        | Killed a water elemental
   158 | D        | Reached *** piety under Trog
   158 | D        | Reached skill level 7 in Axes
   158 | D        | Reached skill level 5 in Armour
   158 | D        | Reached XP level 4. HP: 44/44 MP: 3/3
   170 | D        | Killed a white draconian scorcher
   201 | D        | Found a radiant altar of Vehumet.
   202 | D        | Found a deep blue altar of Sif Muna.
   202 | D        | Found an ancient bone altar of Kikubaaqudgha.
   202 | D        | Noticed a wizard
   204 | D        | Killed a wizard
   204 | D        | Reached skill level 8 in Axes
   204 | D        | Reached skill level 5 in Dodging
   208 | D        | Reached XP level 5. HP: 51/51 MP: 4/4
   239 | D        | Killed a white draconian scorcher
   242 | D        | Killed a hellion
   264 | D        | Found a glowing silver altar of Zin.
   264 | D        | Found a glowing golden altar of the Shining One.
   264 | D        | Found a white marble altar of Elyvilon.
   265 | D        | Noticed a deep elf mage
   268 | D        | Reached **** piety under Trog
   269 | D        | Killed a deep elf mage
   269 | D        | Reached ***** piety under Trog
   269 | D        | Reached skill level 11 in Axes
   269 | D        | Reached XP level 6. HP: 59/62 MP: 5/5
   269 | D        | Reached XP level 7. HP: 66/69 MP: 6/6
   291 | D        | Found a hide-covered altar of Uskayaw.
   291 | D        | Found an iron altar of Okawaru.
   292 | D        | Found a roughly hewn altar of Beogh.
   292 | D        | Found a bloodstained altar of Trog.
   292 | D        | Found an ornate altar of the Wu Jian Council.
   292 | D        | Noticed a human
   292 | D        | Noticed a human
   295 | D        | Received a gift from Trog
   299 | D        | Killed a human
   299 | D        | Reached skill level 12 in Axes
   308 | D        | Killed a human
   335 | D        | Found a shadowy altar of Dithmenos.
   338 | D        | Reached skill level 13 in Axes
   339 | D        | Found a basalt altar of Yredelemnul.
   339 | D        | Found a sacrificial altar of Ru.
   398 | D        | Noticed a shadow
   399 | D        | Killed a shadow
   399 | D        | Reached skill level 10 in Fighting
   399 | D        | Reached XP level 8. HP: 79/79 MP: 7/7
   410 | D        | Found a blossoming altar of Fedhas.
   410 | D        | Found a stormy altar of Qazlal.
   410 | D        | Found a snail-covered altar of Cheibriados.
   410 | D        | Found a burning altar of Makhleb.
   410 | D        | Found a shimmering altar of Xom.
   411 | D        | Found a hazy altar of Hepliaklqana.
   411 | D        | Found an opulent altar of Gozag.
   411 | D        | Found a sparkling altar of Nemelex Xobeh.
   411 | D        | Found a corrupted altar of Lugonu.
   411 | D        | Found a viscous altar of Jiyva.
   415 | D        | Reached skill level 10 in Armour
   553 | D        | Received a gift from Trog
   553 | D        | Reached skill level 14 in Axes
   619 | D        | Noticed a two-headed ogre
   636 | D        | Killed a two-headed ogre
   743 | D        | Noticed a two-headed ogre
   743 | D        | Noticed Erolcha
   754 | D        | Killed Erolcha
   754 | D        | Reached skill level 15 in Axes
   754 | D        | Reached skill level 10 in Dodging
   754 | D        | Reached XP level 9. HP: 90/90 MP: 8/8
   757 | D        | Killed a two-headed ogre
   897 | D        | Noticed an orc sorcerer
   902 | D        | Killed an orc sorcerer
   902 | D        | Reached skill level 16 in Axes
   903 | D        | Reached ****** piety under Trog
   903 | D        | Received a gift from Trog
   907 | D        | Found Guinui's Book Emporium.
   910 | D        | Noticed an orc high priest
   912 | D        | Received a gift from Trog
   914 | D        | Killed an orc high priest
   943 | D        | Got a slimy executioner's axe {god gift}
   985 | D        | Identified the +8 executioner's axe "Kebaerheute" {holy, rPois rC+ MR+ Dex-3} (Trog gifted it to you in the Dungeon)
  1021 | D        | Killed a yaktaur
  1091 | D        | Received a gift from Trog
  1091 | D        | Reached XP level 10. HP: 76/100 MP: 9/9
  1096 | D        | Reached skill level 17 in Axes
  1102 | D        | Received a gift from Trog
  1351 | D        | Received a gift from Trog
  1378 | D        | Received a gift from Trog
  1451 | D        | Received a gift from Trog
  1451 | D        | Reached skill level 18 in Axes
  1504 | D        | Noticed a spiny frog
  1504 | D        | Noticed a spiny frog
  1506 | D        | Killed a spiny frog
  1508 | D        | Killed a spiny frog
  1745 | D        | Received a gift from Trog
  1751 | D        | Reached skill level 19 in Axes
  1751 | D        | Reached XP level 11. HP: 67/111 MP: 10/10
  1915 | D        | Noticed Rupert
  1921 | D        | Killed Rupert
  2147 | D        | Noticed Gastronok
  2159 | D        | Noticed a dire elephant
  2166 | D        | Killed Gastronok
  2166 | D        | Received a gift from Trog
  2166 | D        | Reached skill level 15 in Fighting
  2166 | D        | Reached skill level 20 in Axes
  2166 | D        | Reached skill level 15 in Armour
  2168 | D        | Noticed a dire elephant
  2173 | D        | Killed a dire elephant
  2392 | D        | Killed a dire elephant
  2754 | D        | Noticed an azure jelly
  2755 | D        | Noticed an azure jelly
  2755 | D        | Noticed an azure jelly
  2757 | D        | Noticed an azure jelly
  2771 | D        | Noticed a death yak
  2788 | D        | Killed a death yak
  2788 | D        | Reached skill level 21 in Axes
  2920 | D        | Noticed a death yak
  2923 | D        | Noticed a death yak
  2933 | D        | Killed a death yak
  2934 | D        | Received a gift from Trog
  3038 | D        | Noticed a death yak
  3039 | D        | Reached XP level 12. HP: 122/122 MP: 11/11
  3051 | D        | Killed a death yak
  3057 | D        | Killed a death yak
  3057 | D        | Received a gift from Trog
  3057 | D        | Reached skill level 15 in Dodging
  3226 | D        | Noticed an anaconda
  3238 | D        | Killed an anaconda
  3238 | D        | Reached skill level 22 in Axes
  3405 | D        | Noticed an anaconda
  3405 | D        | Noticed an anaconda
  3408 | D        | Killed an anaconda
  3412 | D        | Received a gift from Trog
  3413 | D        | Killed an anaconda
  3540 | D        | Noticed an anaconda
  3540 | D        | Noticed an anaconda
  3540 | D        | Noticed an anaconda
  3543 | D        | Killed an anaconda
  3550 | D        | Killed an anaconda
  3551 | D        | Killed an anaconda
  3553 | D        | Received a gift from Trog
  3803 | D        | Noticed a naga warrior
  3803 | D        | Noticed a nagaraja
  3818 | D        | Killed a nagaraja
  3818 | D        | Reached skill level 23 in Axes
  3822 | D        | Killed a naga warrior
  3860 | D        | Found Baoxaihe's Jewellery Boutique.
  3860 | D        | Found Bisoc's Food Emporium.
  3862 | D        | Found Cennumon's Antique Armour Shop.
  3875 | D        | Received a gift from Trog
  3881 | D        | Got a serpentine rune of Zot
  3893 | D        | Bought a runed cloak for 195 gold pieces
  3893 | D        | Bought a pair of embroidered boots for 195 gold pieces
  3903 | D        | Identified a +0 pair of boots of running (You bought it in a shop in the Dungeon)
  3903 | D        | Bought a glowing scarf for 208 gold pieces
  3915 | D        | Bought the amulet of the Four Winds {rN+ MR+++ Clar} for 526 gold pieces
  3915 | D        | Found the amulet of the Four Winds {rN+ MR+++ Clar}
  4022 | D        | Reached XP level 13. HP: 121/134 MP: 12/12
  4047 | D        | Received a gift from Trog
  4048 | D        | Noticed Urug
  4057 | D        | Killed Urug
  4245 | D        | Received a gift from Trog
  4418 | D        | Found a blossoming altar of Fedhas.
  4418 | D        | Paralysed by a spriggan for 5 turns
  4435 | D        | Paralysed by a spriggan for 5 turns
  4441 | D        | Reached skill level 24 in Axes
  4487 | D        | Noticed Polyphemus
  4503 | D        | Slain by Polyphemus

Skill      XL: |  1  2  3  4  5  6  7  8  9 10 11 12 13 |
---------------+----------------------------------------+-----
Fighting       | 4 5 6 8 10 11 12 14 16 17 18 | 18.3
Axes           | 5 6 7 8 11 13 15 16 19 21 23 24 | 24.0
Armour         | 3 4 5 8 9 11 12 14 16 17 18 | 18.1
Dodging        | 3 4 5 7 9 10 11 13 14 16 | 16.8

Action                   |  1- 3 |  4- 6 |  7- 9 | 10-12 | 13-15 || total
-------------------------+-------+-------+-------+-------+-------++-------
Melee: Hand axe          |    16 |     6 |     7 |       |       ||    29
       Broad axe         |       |       |    44 |       |       ||    44
       Headbutt          |       |       |    16 |    39 |    10 ||    65
       Executioner's axe |       |       |    12 |   219 |    46 ||   277
Invok: Berserk           |     2 |     1 |     3 |     3 |     1 ||    10
       Burn Spellbooks   |       |     1 |     1 |       |       ||     2
       Brothers in Arms  |       |       |     1 |     1 |     1 ||     3
 Stab: Distracted        |       |       |       |     1 |       ||     1
  Eat: Chunk             |       |     1 |     6 |     8 |       ||    15
       Ration            |       |       |       |     2 |       ||     2
Armor: Ring mail         |       |     1 |     4 |       |       ||     5
       Plate armour      |       |       |    10 |    96 |    25 ||   131
Dodge: Dodged            |     9 |     1 |    43 |   149 |    25 ||   227
       Deflected         |       |       |       |     1 |     1 ||     2
